 Dungeon Crawl Stone Soup version 0.31-a0-360-gb3e1d13bf4 (webtiles) character file.

Game seed: 3152865021186766268

301 LeprechaunX the Ruffian (level 6, -1/40 (41) HPs)
             Began as an Octopode Shapeshifter on July 26, 2023.
             Slain by an orc
             ... wielding a +0 falchion
              (4 damage)
             ... on level 4 of the Dungeon.
             The game lasted 00:02:55 (2839 turns).

LeprechaunX the Ruffian (Octopode Shapeshifter)     Turns: 2839, Time: 00:02:56

HP:   -1/40 (41)    AC:  1    Str: 17    XL:     6   Next: 37%
MP:   6/6           EV: 13    Int: 10    God:
Gold: 116           SH:  0    Dex: 12    Spells: 5/5 levels left

rFire   . .          .
                       - Unarmed
rCold   . . .        (no shield)
rNeg    . . .        (helmet currently unavailable)
rPois   .            (no amulet)
rElec   .            j - ring of see invisible
rCorr   .            (no ring)
SInv    +            (no ring)
Will    .....        (no ring)
Stlth   ++           (no ring)
HPRegen 0.26/turn    (no ring)
MPRegen 0.10/turn    (no ring)
                     (no ring)

%: no passive effects
@: confused, beast-form, lightly drained
A: beast (slay +2), almost no armour, amphibious, 8 rings, camouflage 1,
gelatinous body 1, (nimble swimmer 1), tentacles
a: Begin Untransformation


You were on level 4 of the Dungeon.
You were a hulking beast.
You visited 1 branch of the dungeon, and saw 4 of its levels.

You collected 116 gold pieces.

Inventory:

Missiles
 i - 2 datura-tipped darts (quivered)
Jewellery
 j - a ring of see invisible (left tentacle)
Talismans
 b - a beast talisman
Scrolls
 d - a scroll of silence {unknown}
 f - a scroll of immolation {unknown}
 h - a scroll of teleportation {unknown}
 k - 4 scrolls of identify {unknown}
 l - a scroll of fear {unknown}
 m - a scroll of amnesia {unknown}
 n - a scroll of fog {unknown}
 p - a scroll of enchant weapon {unknown}
Potions
 a - a potion of mutation {unknown}
 c - 2 potions of curing
 e - 2 potions of magic {unknown}
 g - 3 potions of brilliance {unknown}
 o - a potion of cancellation {unknown}


   Skills:
 + Level 2.7 Fighting
 + Level 3.3 Dodging
 * Level 4.9 Unarmed Combat
 + Level 3.7 Shapeshifting


You had 5 spell levels left.
You didn't know any spells.
Your spell library contained the following spells:

 Spells                   Type           Power      Damage    Failure   Level
 Blink                    Tloc           0%         N/A       50%         2
 Manifold Assault         Tloc           0%         N/A       98%         4


Dungeon Overview and Level Annotations

Branches:
Dungeon (4/15)
 Temple: D:4-7

Altars:
Ashenzari
Cheibriados
Elyvilon
Gozag
Makhleb


Innate Abilities, Weirdness & Mutations

You are a hulking beast.
Your limbs bulge with bestial killing power. (Slay +2)
You cannot wear most types of armour.
You are amphibious.
You can wear up to eight rings at the same time.
Your skin changes colour to match your surroundings (Stealth+).
Your rubbery body absorbs attacks. (AC +1, EV +1)
((You are camouflaged when in or above water. (Stealth+)))
You have tentacles for arms and can constrict up to eight enemies at once.


Message History

* * * LOW HITPOINT WARNING * * *
The black bear claws you but does no damage.
You tentacle-slap the black bear. You squeeze the black bear!
You kill the black bear!
A river rat comes into view.
You have reached level 6!
Reactivating autopickup.
j - a ring of see invisible (left tentacle) Unknown command.
You tentacle-slap the orc but do no damage.
You grab the orc.
You constrict the orc, but do no damage.
The orc hits you with a +0 whip.
* * * LOW HITPOINT WARNING * * *
You tentacle-slap the orc but do no damage.
You constrict the orc. The orc wizard casts a spell at you.
You are confused.
The orc closely misses you.
Unknown command.
You're too confused to attack without stumbling around!
Unknown command.
You bump into the rock wall.
You constrict the orc. The orc closely misses you.
You bump into the rock wall.
You constrict the orc.
You kill the orc!
You bump into the rock wall.
The orc hits you with a +0 falchion.
* * * LOW HITPOINT WARNING * * *
The orc wizard hits you with a +2 dagger of draining.
* * * LOW HITPOINT WARNING * * *
You feel drained.
* * * LOW HITPOINT WARNING * * *
Unknown command.
You bludgeon the orc wizard! Your squeeze misses the orc wizard.
The orc wizard is heavily wounded.
You hear the slow rusting of a distant drain.
The orc hits you with a +0 falchion.
* * * LOW HITPOINT WARNING * * *
The orc wizard closely misses you. The orc attacks as you move away!
The orc hits you with a +0 falchion.
You die...

.........####.#
#+#......<..#.#
#.#####.#.#.# #
#.....#...# #
#.#########
#.#.....##
###.####...#
.......'...#
+##.#..#oh.#
#..r#o#######
#.##...........
#....).†.......
####...:.......
#...........
....#########
###.## #.


You could see an orc wizard (invisible), a river rat and an orc.

Vanquished Creatures
  Pargi (D:3)
  A black bear (D:4)
  A hound (D:4)
  4 adders
  2 worms (D:2)
  An orc (D:4)
  6 endoplasms
  3 goblins
  5 hobgoblins
  4 jackals (D:3)
  2 quokkas
  3 ball pythons
  A bat (D:3)
  A frilled lizard (D:3)
  7 kobolds
  5 rats
47 creatures vanquished.

Notes
Turn   | Place    | Note
-------+----------+-------------------------------------------
     0 | D:1      | LeprechaunX the Octopode Shapeshifter began the quest for
                  | the Orb.
     0 | D:1      | Reached XP level 1. HP: 13/13 MP: 1/1
   195 | D:1      | Reached XP level 2. HP: 18/18 MP: 2/2
   298 | D:1      | Found a faded altar of an unknown god.
  1120 | D:2      | Reached XP level 3. HP: 23/23 MP: 3/3
  1831 | D:3      | Found a burning altar of Makhleb.
  1849 | D:3      | Reached XP level 4. HP: 25/29 MP: 4/4
  2001 | D:3      | Found a faded altar of an unknown god.
  2199 | D:3      | Found a snail-covered altar of Cheibriados.
  2267 | D:3      | Noticed Pargi
  2294 | D:3      | Killed Pargi
  2295 | D:3      | Reached skill level 4 in Unarmed Combat
  2295 | D:3      | Reached XP level 5. HP: 11/35 MP: 5/5
  2546 | D:3      | Found a broken altar of Ashenzari.
  2552 | D:3      | Found a white marble altar of Elyvilon.
  2556 | D:3      | Found an opulent altar of Gozag.
  2819 | D:4      | Noticed a black bear
  2831 | D:4      | Killed a black bear
  2832 | D:4      | Reached XP level 6. HP: 13/41 MP: 6/6
  2839 | D:4      | Slain by an orc

Illustrated notes

Levels and vault maps discovered:
D:1:      scummos_arrival_hexagon, layout_basic,
          chequers_ecumenical_altar_twisty, grunt_decor_resistance
D:2:      layout_basic, kennysheep_boxes
D:3:      layout_rooms, minitemple, bloody_makhleb,
          nicolae_overflow_ecumenical_swirl, uniq_pargi
D:4:      layout_basic, mainiacjoe_overflow_tiny_flanked, portal_sewer_entry_a,
          minmay_fountain_box, st_stairs_10, minmay_starry_boxes

Skill      XL: |  1  2  3  4 |
---------------+-------------+-----
Fighting       | 2 |  2.7
Dodging        | 3 |  3.3
Unarmed Combat | 4 |  4.9
Shapeshifting  | |  3.7

Action                     |  1- 3 |  4- 6 || total
---------------------------+-------+-------++-------
  Melee: Unarmed           |    53 |    65 ||   118
         Tentacles         |    13 |     7 ||    20
         Constrict         |    10 |    10 ||    20
         Punch             |       |     4 ||     4
    Use: Potion            |       |     2 ||     2
   Stab: Sleeping          |     5 |       ||     5
 Armour: Skin              |     2 |    58 ||    60
  Dodge: Dodged            |    20 |    38 ||    58

Table legend: (Time is in decaauts)
 A = Elapsed time spent in this place.
 B = Non-inter-level travel time spent in this place.
 C = Inter-level travel time spent in this place.
 D = Time resting spent in this place.
 E = Time spent auto-exploring this place.
 F = Levels seen in this place.
 G = Mean time per level.
                   A        B        C        D        E       F      G
               +--------+--------+--------+--------+--------+-----+--------+
         Total |   2829 |   2731 |     98 |    376 |   2008 |   4 |  707.2 |
       Dungeon |   2829 |   2731 |     98 |    376 |   2008 |   4 |  707.2 |
               +--------+--------+--------+--------+--------+-----+--------+

Top non-repeatable levels by time:
     D:1: 986 daAuts
     D:3: 965 daAuts
     D:2: 827 daAuts
     D:4: 50 daAuts
